Map: [ESL] Ancient Cistern

Players

Spirit - Winner!

  • Race: Terran Terran
  • Spawn Location: 7:00

HeroMarine

  • Race: Terran Terran
  • Spawn Location: 1:00

Event: ESL SC2 Masters 2023 Summer (Finals)

VOD

Have the link to the VOD?

Description

Time

  • Played on: June 17, 2023, 6:59 a.m.
  • Length: 12:04

All games in this series

Show
View Real Time Build Order
Export as new Build Order

Spirit Terran - Winner!

Build Orders:  

Get SALT Encoding   

  12  0:00  SCV  
  13  0:12  SCV  
  14  0:16  Supply Depot  
  14  0:24  SCV  
  15  0:38  SCV  
  15  0:39  Barracks  
  16  0:44  Refinery  
  16  0:50  SCV  
  16  0:52  Refinery  
  17  1:02  SCV  
  18  1:14  SCV  
  19  1:26  Orbital Command, Reaper  
  19  1:30  Supply Depot  
  20  1:42  Factory  
  20  1:52  SCV  
  21  1:59  Barracks Reactor  
  21  2:04  SCV  
  22  2:16  SCV  
  22  2:17  Reaper  
  23  2:27  Hellion  
  23  2:28  SCV  
  25  2:40  SCV  
  25  2:43  Command Center  
  26  2:49  Hellion  
  28  2:53  SCV, Supply Depot  
  28  2:55  Reaper  
  30  3:05  SCV  
  31  3:08  Starport  
  31  3:17  SCV, Factory Tech Lab  
  32  3:29  SCV  
  33  3:35  Cyclone  
  33  3:36  Supply Depot  
  37  3:41  SCV  
  37  3:43  Starport Tech Lab  
  37  3:50  Barracks Reactor  
  37  3:53  SCV, Refinery  
  38  4:05  SCV  
  39  4:17  Raven, SCV  
  39  4:18  Command Center  
  39  4:22  Orbital Command  
  42  4:27  Marine  
  42  4:29  Marine, SCV  
  45  4:38  Siege Tank  
  48  4:41  SCV  
  48  4:45  Marine  
  50  4:47  Marine, SCV  
  52  4:53  Raven  
  52  4:54  SCV  
  52  4:59  SCV  
  56  5:01  Supply Depot  
  56  5:06  SCV  
  57  5:11  SCV  
  57  5:14  Barracks  
  58  5:15  Stimpack  
  58  5:16  Factory Reactor  
  58  5:18  SCV  
  59  5:22  Barracks  
  59  5:24  SCV  
  60  5:30  SCV  
  60  5:32  Raven  
  63  5:36  SCV  
  63  5:37  Marine, Supply Depot  
  63  5:42  SCV  
  66  5:43  Orbital Command  
  66  5:45  Refinery  
  66  5:48  SCV  
  67  5:54  SCV  
  67  5:55  Marine  
  69  5:58  Engineering Bay  
  69  5:59  Engineering Bay  
  69  6:00  SCV  
  70  6:05  Marine x2  
  70  6:06  SCV  
  70  6:09  Supply Depot  
  73  6:12  SCV, Marine  
  73  6:17  Orbital Command  
  73  6:18  Siege Tank  
  78  6:19  Marine  
  78  6:20  Marine, Starport Reactor  
  78  6:21  SCV  
  78  6:23  Marine x2  
  78  6:25  SCV  
  84  6:29  Terran Infantry Weapons Level 1, Terran Infantry Armor Level 1  
  84  6:30  Marine  
  85  6:33  SCV  
  85  6:37  Marine x2  
  89  6:40  SCV, Marine  
  89  6:41  Marine  
  89  6:43  SCV  
  91  6:48  Marine  
  91  6:49  Supply Depot  
  91  6:50  SCV  
  91  6:52  SCV, Supply Depot  
  94  6:55  Marine x2, Siege Tank  
  94  6:56  SCV  
  94  7:00  Marine  
  101  7:05  Supply Depot  
  101  7:07  Supply Depot  
  101  7:10  Liberator, Marine  
  101  7:11  SCV x2, Combat Shield  
  101  7:13  Liberator, SCV  
  101  7:14  Marine  
  101  7:15  Marine  
  113  7:21  Marine  
  114  7:23  SCV x2  
  114  7:25  SCV  
  114  7:28  Barracks  
  114  7:29  Barracks  
  116  7:31  Armory, Siege Tank  
  116  7:33  Marine  
  116  7:35  SCV x2  
  122  7:37  SCV  
  122  7:40  Marine x2  
  124  7:45  Marine  
  124  7:47  SCV, Refinery  
  126  7:52  Refinery  
  126  7:54  SCV x2, Marine  
  126  7:55  Supply Depot  
  126  7:56  Supply Depot  
  129  7:59  SCV  
  129  8:00  Marine  
  129  8:03  Siege Tank  
  134  8:06  SCV  
  134  8:07  Medivac  
  134  8:08  Medivac  
  134  8:09  Marine  
  134  8:12  SCV  
  141  8:18  Marine  
  141  8:19  Barracks Reactor  
  138  8:20  Barracks Reactor  
  138  8:21  Command Center  
  138  8:31  Sensor Tower  
  138  8:33  Marine x3  
  141  8:36  Siege Tank  
  141  8:37  Medivac  
  141  8:39  Marine x2  
  141  8:40  Terran Infantry Weapons Level 2  
  148  8:48  SCV  
  149  8:51  Marine x3  
  149  8:52  SCV  
  153  8:56  Marine  
  153  8:57  Marine  
  144  9:04  Marine  
  144  9:05  Marine  
  144  9:06  Marine x2  
  144  9:09  Marine x3  
  146  9:12  Siege Tank  
  146  9:14  Marine x2  
  151  9:22  Marine  
  151  9:23  Marine  
  150  9:24  Marine x2  
  150  9:25  Viking x2  
  150  9:26  Marine  
  150  9:28  Terran Infantry Armor Level 2  
  157  9:32  Marine x4  
  161  9:38  SCV  
  161  9:40  Marine  
  161  9:41  Marine  
  161  9:42  Marine x2  
  161  9:44  Marine, Siege Tank  
  170  9:50  SCV x2  
  170  9:51  Terran Vehicle Weapons Level 1  
  172  9:53  Marine x2  
  172  9:54  Marine x2  
  172  9:57  Sensor Tower  
  172  10:04  Planetary Fortress  
  172  10:08  Factory  
  172  10:11  Supply Depot  
  172  10:14  Missile Turret, Supply Depot  
  172  10:15  Supply Depot  
  172  10:16  Marine  
  172  10:27  Bunker  
  172  10:33  Marine x8  
  172  10:34  Supply Depot  
  172  10:35  Liberator x2, Marine, Supply Depot, SCV  
  188  10:36  Siege Tank  
  191  10:51  Marine x5  
  191  10:56  Marine x4  
  200  11:00  Missile Turret  
  198  11:08  Marine  
  198  11:13  Marine x2  
  198  11:14  Marine, Command Center  
  198  11:15  Starport x2  
  198  11:16  Marine  
  198  11:18  Medivac  
  200  11:20  Missile Turret  
  189  11:30  Marine  
  189  11:31  Marine x6  
  189  11:32  Marine  
  183  11:34  Marine  
  175  11:50  SCV  
Show
View Real Time Build Order
Export as new Build Order

HeroMarine Terran 

Build Orders:  

Get SALT Encoding   

  12  0:00  SCV  
  13  0:12  SCV  
  14  0:17  Supply Depot  
  14  0:39  Barracks  
  14  0:41  Refinery  
  14  0:52  Barracks  
  14  0:56  SCV  
  15  1:08  SCV  
  16  1:26  Orbital Command, Reaper  
  16  1:29  Refinery  
  17  1:42  Reaper  
  18  1:49  Supply Depot  
  18  1:51  SCV  
  19  1:58  Reaper  
  20  2:03  SCV  
  21  2:14  Reaper  
  22  2:15  SCV  
  23  2:28  SCV  
  24  2:31  Reaper  
  24  2:40  SCV  
  24  2:41  Factory  
  25  2:46  Reaper  
  25  2:51  Supply Depot  
  26  2:53  SCV  
  27  3:03  Reaper  
  27  3:05  SCV  
  28  3:16  Command Center  
  28  3:18  SCV  
  29  3:24  Hellion  
  31  3:30  SCV  
  32  3:34  Starport  
  32  3:42  SCV  
  32  3:46  Factory Tech Lab  
  33  3:54  SCV  
  34  4:07  SCV  
  35  4:13  Factory Tech Lab  
  35  4:18  Command Center  
  35  4:19  SCV  
  35  4:21  Raven  
  38  4:29  Orbital Command  
  39  4:34  Cyclone  
  39  4:36  SCV  
  42  4:39  Refinery  
  42  4:48  SCV  
  42  4:49  Barracks Reactor  
  43  4:55  SCV  
  43  4:57  Raven  
  46  5:00  SCV  
  46  5:06  Siege Tank, Supply Depot  
  50  5:07  SCV  
  50  5:12  SCV  
  52  5:19  SCV  
  53  5:24  SCV  
  54  5:31  SCV  
  54  5:33  Barracks, Orbital Command  
  54  5:35  Barracks  
  55  5:37  Stimpack, SCV  
  55  5:38  Marine  
  55  5:39  Siege Tank  
  55  5:40  Starport Reactor  
  60  5:43  SCV  
  60  5:49  SCV  
  62  5:55  Engineering Bay  
  62  5:56  Marine, SCV  
  64  5:57  Engineering Bay  
  64  6:00  SCV  
  64  6:01  SCV  
  64  6:03  Supply Depot  
  66  6:08  SCV  
  67  6:11  Siege Tank  
  67  6:12  SCV  
  67  6:13  SCV, Marine  
  67  6:17  Refinery  
  73  6:20  SCV  
  73  6:24  Orbital Command  
  74  6:27  SCV  
  74  6:28  Barracks  
  74  6:30  Barracks  
  74  6:32  Marine x5, SCV  
  80  6:35  Starport Reactor  
  80  6:39  SCV  
  80  6:44  Terran Infantry Weapons Level 1, Terran Infantry Armor Level 1  
  81  6:48  Siege Tank  
  81  6:53  Supply Depot  
  85  6:54  Supply Depot  
  85  6:58  SCV x2  
  85  7:00  Supply Depot  
  85  7:08  Supply Depot  
  85  7:09  Marine x5, SCV  
  85  7:10  SCV x2, Supply Depot  
  85  7:15  Barracks Reactor  
  93  7:16  Medivac  
  93  7:17  Combat Shield  
  93  7:18  Medivac, Barracks Reactor  
  93  7:21  SCV  
  93  7:22  SCV  
  99  7:27  Marine x2, SCV  
  102  7:33  SCV, Siege Tank, Marine  
  102  7:34  Marine, Supply Depot, SCV  
  102  7:36  Marine  
  110  7:41  SCV, Refinery x2  
  111  7:45  Marine, SCV  
  111  7:46  Marine, SCV  
  111  7:50  Medivac  
  111  7:51  Marine x2, Medivac  
  118  7:53  SCV  
  118  7:54  Marine x3  
  118  7:55  Marine  
  118  7:57  Marine  
  126  8:01  Armory  
  126  8:03  Marine x2, SCV  
  129  8:08  SCV  
  129  8:09  SCV, Marine x2  
  129  8:12  Marine x3  
  134  8:15  SCV  
  134  8:18  Marine  
  134  8:19  Marine  
  136  8:20  Siege Tank  
  136  8:21  Marine x2  
  136  8:24  Supply Depot  
  136  8:25  Supply Depot  
  141  8:30  Sensor Tower  
  141  8:32  Marine, Medivac x2  
  141  8:34  Marine  
  146  8:35  Marine  
  146  8:36  Marine  
  146  8:39  Marine  
  149  8:41  Marine  
  149  8:44  SCV  
  149  8:45  SCV x2  
  149  8:51  Marine x2  
  149  8:55  Marine x2  
  148  8:56  SCV  
  148  8:57  SCV x2  
  148  9:01  Marine x2  
  134  9:07  Marine  
  134  9:08  SCV  
  134  9:09  SCV x2  
  132  9:15  Marine  
  132  9:16  Marine  
  132  9:17  Marine  
  126  9:20  Marine x2, SCV  
  126  9:22  Marine  
  126  9:23  Marine  
  130  9:31  Terran Infantry Armor Level 2  
  130  9:33  Medivac x2  
  130  9:34  Siege Tank  
  130  9:37  Marine x2  
  130  9:38  Marine  
  137  9:42  Marine  
  137  9:43  Marine x4  
  144  9:48  Terran Vehicle Weapons Level 1  
  144  9:51  Factory  
  144  9:52  SCV x3  
  146  9:54  Marine x2  
  146  9:56  Marine  
  149  10:00  Barracks Reactor  
  149  10:02  Marine x4  
  149  10:04  Command Center  
  149  10:06  Marine  
  154  10:07  Siege Tank  
  154  10:12  Marine x2  
  154  10:14  Marine  
  160  10:19  Marine  
  160  10:20  Marine x2  
  161  10:22  Viking x2  
  161  10:23  Marine  
  161  10:24  Marine  
  164  10:30  Marine  
  164  10:35  Marine x2, Siege Tank  
  169  10:36  Supply Depot x2  
  169  10:37  Marine x2  
  169  10:38  Marine, Supply Depot  
  171  10:51  Marine  
  171  10:52  Marine  
  172  10:57  Viking  
  172  10:58  Viking, Siege Tank  
  172  11:00  SCV x2  
  172  11:01  SCV  
  176  11:07  Siege Tank  
  176  11:11  Marine x2  
  181  11:12  SCV x2  
  181  11:13  Marine x3, SCV  
  181  11:14  Marine  
  180  11:20  Planetary Fortress  
  180  11:22  Marine x2  
  180  11:23  Marine x2  
  171  11:28  Marine  
  171  11:30  Marine, Siege Tank  
  171  11:31  Marine  
  161  11:33  Marine  
  161  11:37  SCV  
Tags
 
Add a new tag
Caveats
  • Supply blocks, unpowered buildings, or Contaminate may cause inaccurate times.
  • Supply counts are checked every 10 seconds.